 Dungeon Crawl Stone Soup version 0.28.0-53-g5a82cb258f (webtiles) character file.

Game seed: 17629394066624289169

16817 Gabide the Destroyer (level 11, -22/91 HPs)
             Began as a Demigod Conjurer on June 27, 2022.
             Killed from afar by a wretched star (25 damage)
             ... with a lance of force
             ... on level 2 of the Abyss.
             The game lasted 00:52:58 (16008 turns).

Gabide the Destroyer (Demigod Conjurer)            Turns: 16008, Time: 00:52:58

Health: -22/91     AC: 13    Str:  8    XL:     11   Next: 84%
Magic:  24/24      EV: 18    Int: 32    God:
Gold:   497        SH:  8    Dex: 19    Spells: 13/23 levels left

rFire   . . .      SeeInvis .   a - +6 whip "Testudinebane" {elec, Dex+4}
rCold   . . .      Faith    .   A - +2 buckler
rNeg    . . .      Spirit   .   D - +0 acid dragon scales
rPois   .          Reflect  .   r - +0 helmet
rElec   .          Harm     .   v - +1 cloak
rCorr   +          Rampage  .   c - +2 pair of gloves of Happy Babbling {Dex+3}
Will    ++...                   (no boots)
Stlth   ++........              I - amulet of magic regeneration
HPRegen 0.25/turn               i - ring of willpower
MPRegen 0.59/turn               O - +4 ring of evasion

@: hasted, very quick
A: high MP 1, forlorn, divine attributes
a: no special abilities


You were on level 2 of the Abyss.
You visited 2 branches of the dungeon, and saw 11 of its levels.
You visited the Abyss 1 time.
You also visited: Sewer.

You collected 542 gold pieces.
You spent 45 gold pieces at shops.

Inventory:

Hand Weapons
 a - the +6 whip "Testudinebane" (weapon) {elec, Dex+4}
   (You found it on level 7 of the Dungeon)

   It occasionally discharges a powerful burst of electricity upon striking a
   foe.
   Dex:       It affects your dexterity (+4).
 q - a +2 spear of venom
Missiles
 k - a curare-tipped dart
 w - 5 throwing nets
Armour
 c - the +2 pair of gloves of Happy Babbling (worn) {Dex+3}
   (You acquired it on level 6 of the Dungeon)

   Dex:       It affects your dexterity (+3).
 r - a +0 helmet (worn)
 v - a +1 cloak (worn)
 A - a +2 buckler (worn)
 D - +0 acid dragon scales (worn)
Magical Staves
 K - a staff of fire
Jewellery
 b - a ring of flight
 h - a ring of wizardry
 i - a ring of willpower (left hand)
 l - a ring of willpower
 n - a +4 ring of slaying
 u - a ring of resist corrosion
 I - an amulet of magic regeneration (around neck)
 O - a +4 ring of evasion (right hand)
Wands
 s - a wand of acid (9)
 y - a wand of flame (5)
 F - a wand of digging (6)
 N - a wand of paralysis (4)
Scrolls
 d - a scroll of torment
 f - a scroll of fog {unknown}
 j - a scroll of vulnerability {unknown}
 m - 2 scrolls of noise
 p - a scroll of magic mapping
 E - a scroll of summoning {unknown}
 G - a scroll of silence
 M - a scroll of enchant weapon {unknown}
 P - a scroll of immolation {unknown}
Potions
 e - 4 potions of haste
 x - 3 potions of lignification
 z - a potion of mutation {unknown}
 B - 2 potions of flight
 C - 2 potions of might
 J - a potion of ambrosia {unknown}
 L - 2 potions of brilliance
 Q - a potion of berserk rage {unknown}


   Skills:
 - Level 6.5 Fighting
 - Level 2.0 Maces & Flails
 - Level 2.0 Polearms
 - Level 4.0 Armour
 - Level 6.5 Dodging
 - Level 2.0 Stealth
 - Level 4.0 Shields
 - Level 6.5 Spellcasting
 * Level 13.8 Conjurations


You had 13 spell levels left.
You knew the following spells:

 Your Spells              Type           Power      Damage    Failure   Level
a - Magic Dart            Conj           100%       1d8       1%          1
b - Searing Ray           Conj           100%       2d8       1%          2
c - Dazzling Flash        Conj/Hex       100%       N/A       1%          3
d - Fulminant Prism       Conj/Hex       26%        3d14      5%          4

Your spell library contained the following spells:

 Spells                   Type           Power      Damage    Failure   Level
 Iskenderun's Mystic Bla  Conj/Tloc      53%        2d11      5%          4
 Apportation              Tloc           20%        N/A       10%         1
 Corpse Rot               Necr/Air       20%        N/A       14%         2
 Starburst                Conj/Fire      26%        6d8       65%         6
 Summon Lightning Spire   Summ/Air       10%        N/A       67%         4
 Alistair's Intoxication  Tmut/Pois      6%         N/A       95%         5
 Malign Gateway           Summ/Tloc      5%         N/A       100%        7
 Summon Horrible Things   Summ           5%         N/A       100%        8


Dungeon Overview and Level Annotations

Branches:
Dungeon (10/15)            Temple (0/1) D:4            Lair (1/6) D:10
  Sewer (visited)
    Orc: D:9-12

Shops:
D:8 :   D:10 *

Annotations:
Lair:1 Sonja


Innate Abilities, Weirdness & Mutations

You have an increased reservoir of magic. (+10% MP)
You shall have no god before yourself.
Your divine heritage dramatically boosts your attributes as you level up.


Message History

The white very ugly thing trunk-slaps you!
The white very ugly thing freezes you!!!
Ouch! That really hurt!
The wretched star pulses with an eldritch light!
The wretched star glows turbulently.
The lance of force hits you but does no damage.
Okay, then.
Press: ? - help, v - describe, . - travel
Here: a white very ugly thing The floor.
As you read the scroll of fear, it crumbles to dust.
You assume a fearsome visage.
The wretched star is unaffected.
The white very ugly thing looks frightened! x2
The large abomination is unaffected.
You feel yourself speed up.
The wretched star glows turbulently.
The lance of force hits you!
* * * LOW HITPOINT WARNING * * *
You are knocked back by the lance of force.
You slam into the metal wall!
* * * LOW HITPOINT WARNING * * *
Okay, then.
Unknown command.
Unknown command.
The wretched star glows turbulently.
The lance of force hits you!
* * * LOW HITPOINT WARNING * * *
You are knocked back by the lance of force.
Unknown command.
Okay, then.
Press: ? - help, v - describe, . - travel
Here: a wretched star The floor.
Aiming: Dig
Press: ? - help, Shift-Dir - straight line A rock wall.
The rock shatters into small pieces.
The wretched star glows turbulently.
The lance of force hits you!!
You die...

#.# ## ..### ## #..
##.#### ## ..###
#..#..## .## .#
###..##...# .. #
#......#.#X####.####
.##.#.##...#u...#....#
.u#.. .#.u...#*.@.#
#..##X#u#..##.###....#
#...##..###### .#..#
..#####...# ## ## .#
...# . . ##. #. . ##.
# # #


You could see a white very ugly thing, a wretched star and a large abomination.

Vanquished Creatures
  A two-headed ogre (D:10)
  Pikel (D:9)
  3 cane toads
  Maggie (D:7)
  2 komodo dragons (Lair:1)
  An ancient zyme (Abyss:2)
  Prince Ribbit (D:7)
  5 blink frogs (Lair:1)
  2 large abominations (Abyss:2)
  Sigmund (D:3)
  A shadow (D:9)
  A wyvern (Lair:1)
  20 yaks
  A ynoxinul (Abyss:2)
  A basilisk (Lair:1)
  A wraith (Abyss:2)
  A steam dragon (D:9)
  3 wargs (D:10)
  An acid dragon (D:7)
  10 water moccasins
  A black bear (Lair:1)
  An ice beast (D:7)
  An orc warrior (D:6)
  A sky beast (D:8)
  3 ogres
  A necrophage (D:6)
  6 wolves (Lair:1)
  A lemure (D:9)
  4 centaurs
  11 kobold brigands
  A phantom (D:4)
  3 bullfrogs
  3 gnoll sergeants
  5 scorpions
  A water moccasin zombie (D:6)
  A wyvern skeleton (D:5)
  3 killer bees (D:7)
  4 wights (D:9)
  8 electric eels (D:8)
  2 howler monkeys (D:8)
  A centaur zombie (D:9)
  A bullfrog skeleton (D:5)
  A centaur skeleton (D:4)
  3 hounds
  2 jellies
  Crazy Yiuf (D:4)
  2 gnoll shamans
  3 orc priests
  2 iguanas (D:5)
  7 orc wizards
  A killer bee zombie (D:4)
  3 howler monkey zombies
  24 gnolls
  7 adders
  2 river rats (Sewer)
  2 shadow imps
  A white imp (D:5)
  10 worms
  3 dart slugs
  21 orcs
  6 ball pythons
  2 bats
  6 endoplasms
  5 giant cockroaches
  5 hobgoblins
  3 jackals (D:4)
  26 kobolds
  3 quokkas
  3 frilled lizards
  3 goblins
  12 rats
  4 fulminant prisms
294 creatures vanquished.

Vanquished Creatures (others)
  A lemure (D:9)
  82 fulminant prisms
  3 fungi
  A plant (Lair:1)
87 creatures vanquished.

Grand Total: 381 creatures vanquished

Notes
Turn   | Place    | Note
-------+----------+-------------------------------------------
     0 | D:1      | Gabide the Demigod Conjurer began the quest for the Orb.
     0 | D:1      | Reached XP level 1. HP: 14/14 MP: 5/5
   444 | D:1      | Reached XP level 2. HP: 20/20 MP: 4/7
   447 | D:1      | Learned a level 2 spell: Searing Ray
   515 | D:1      | Reached skill level 4 in Conjurations
  1017 | D:2      | Noticed an ogre
  1020 | D:2      | Reached XP level 3. HP: 26/26 MP: 1/9
  1404 | D:3      | Noticed Sigmund
  1777 | D:3      | Found a glowing drain.
  1786 | Sewer    | Entered a sewer
  1858 | Sewer    | Reached XP level 4. HP: 30/33 MP: 4/10
  1935 | Sewer    | Noticed a kobold brigand
  2051 | Sewer    | Noticed a kobold brigand
  2094 | Sewer    | Killed a kobold brigand
  2095 | Sewer    | Reached skill level 5 in Conjurations
  2097 | Sewer    | Killed a kobold brigand
  2098 | Sewer    | Reached XP level 5. HP: 12/38 MP: 7/12
  2582 | Sewer    | Reached skill level 6 in Conjurations
  2648 | Sewer    | Reached XP level 6. HP: 45/45 MP: 8/14
  2653 | Sewer    | Learned a level 3 spell: Dazzling Flash
  3263 | Sewer    | Reached XP level 7. HP: 49/50 MP: 6/16
  3652 | D:4      | Reached skill level 7 in Conjurations
  3847 | D:3      | Killed Sigmund
  3848 | D:3      | Reached skill level 1 in Polearms
  4366 | D:4      | Found a staircase to the Ecumenical Temple.
  4654 | D:4      | Reached skill level 8 in Conjurations
  4849 | D:4      | Reached XP level 8. HP: 54/57 MP: 10/18
  4860 | D:4      | Reached skill level 5 in Spellcasting
  5121 | D:4      | Found a runed translucent door.
  5122 | D:4      | Noticed Crazy Yiuf
  5174 | D:4      | Killed Crazy Yiuf
  5175 | D:4      | Reached skill level 1 in Fighting
  5457 | D:5      | Entered Level 5 of the Dungeon
  6225 | D:5      | Reached skill level 9 in Conjurations
  6226 | D:5      | Reached XP level 9. HP: 41/71 MP: 2/21
  6810 | D:5      | Reached skill level 5 in Fighting
  7374 | D:6      | Reached skill level 1 in Shields
  7459 | D:6      | Identified a scroll of acquirement
  7467 | D:6      | Acquired the +2 pair of gloves of Happy Babbling {Dex+3}
  7480 | D:6      | Reached skill level 13 in Conjurations
  7480 | D:6      | Reached XP level 10. HP: 83/83 MP: 22/22
  8121 | D:6      | Learned a level 4 spell: Fulminant Prism
  8572 | D:7      | Noticed Prince Ribbit
  8580 | D:7      | Killed Prince Ribbit
  8586 | D:7      | Noticed Maggie
  9030 | D:7      | Killed Maggie
  9931 | D:7      | Identified the +6 whip "Testudinebane" {elec, Dex+4}
 10333 | D:8      | Found Hazel Imoritt's Book Boutique.
 10489 | D:8      | Reached skill level 1 in Armour
 10497 | D:8      | Reached skill level 1 in Maces & Flails
 12065 | D:9      | Reached XP level 11. HP: 39/83 MP: 1/24
 12382 | D:9      | Noticed Pikel
 12398 | D:9      | Killed Pikel
 13379 | D:10     | Entered Level 10 of the Dungeon
 13417 | D:10     | Got the Volume of Gliding Battle Magic
 13469 | D:10     | Found Xithyaz's General Store.
 13477 | D:10     | Bought a scroll of fear for 45 gold pieces
 13516 | D:10     | Found a staircase to the Lair.
 13581 | Lair:1   | Entered Level 1 of the Lair of Beasts
 13817 | D:10     | Reached skill level 5 in Dodging
 14291 | D:10     | Noticed a two-headed ogre
 14307 | D:10     | Killed a two-headed ogre
 15441 | Lair:1   | Noticed Sonja
 15465 | Lair:1   | Cast into level 2 of the Abyss (Sonja)
 15635 | Abyss:2  | Noticed a wretched star
 15690 | Abyss:2  | Noticed a rakshasa
 15691 | Abyss:2  | Noticed a hell hog
 15692 | Abyss:2  | Noticed a hell hog
 15698 | Abyss:2  | Noticed a wretched star
 15703 | Abyss:2  | Noticed a Hell Sentinel
 15839 | Abyss:2  | Noticed a tentacled monstrosity
 15953 | Abyss:2  | Noticed a white very ugly thing
 15955 | Abyss:2  | Noticed a white very ugly thing
 15955 | Abyss:2  | Noticed a white very ugly thing
 15956 | Abyss:2  | Noticed a white very ugly thing
 15972 | Abyss:2  | Noticed a green death
 15985 | Abyss:2  | Noticed a large abomination
 15991 | Abyss:2  | Noticed a wretched star
 16002 | Abyss:2  | HP: 2/91 [wretched star/lance of force (8)]
 16008 | Abyss:2  | Killed from afar by a wretched star

Illustrated notes

Levels and vault maps discovered:
D:1:      heliophobic_arrival_battle_scene, layout_basic, basic_ecumenical_altar
D:2:      layout_rooms, minivault_26, amcnicky_mini_pool_small
D:3:      layout_rooms, gup_sewer_entry_bubbles, uniq_sigmund
D:4:      layout_loops_ring, trog_three_pillars_becter,
          minmay_temple_entry_statues, kennysheep_generic_room_5,
          uniq_crazy_yiuf_cottage
D:5:      layout_loops_ring, nrook_campfire, st_stairs_8, nicolae_wormholes
D:6:      cheibrodos_thug_alley, layout_rooms, hangedman_glass_garden
D:7:      layout_layer_cave, kennysheep_generic_room_10, uniq_prince_ribbit1,
          uniq_maggie
D:8:      layout_basic, serial_shops, nicolae_shop_stone, kennysheep_boxes
D:9:      layout_basic, uniq_pikel
D:10:     layout_roguey, erik_lair_orcish_takeover, serial_shops,
          nicolae_shop_crystal
Lair:1:   layout_hall_layers, gauntlet_entry_generic, beast_lair_carwin_4,
          uniq_urug, uniq_sonja
Abyss:2:  base:
D:15

Skill      XL: |  1  2  3  4  5  6  7  8  9 10 11 |
---------------+----------------------------------+-----
Spellcasting   | 2 3 4 5 6 |  6.5
Conjurations   | 4 5 6 8 9 13 | 13.8
Polearms       | 2 |  2.0
Dodging        | 2 6 |  6.5
Stealth        | 2 |  2.0
Fighting       | 4 6 |  6.5
Shields        | 1 4 |  4.0
Armour         | 3 4 |  4.0
Maces & Flails | 2 |  2.0

Action                   |  1- 3 |  4- 6 |  7- 9 | 10-12 || total
-------------------------+-------+-------+-------+-------++-------
Melee: Dagger            |       |    17 |       |       ||    17
       Spear             |       |       |     4 |    17 ||    21
       Whip              |       |       |       |    44 ||    44
Throw: Dart              |       |       |     2 |       ||     2
 Cast: Magic Dart        |    80 |    12 |     2 |    20 ||   114
       Searing Ray       |     3 |    24 |    81 |    86 ||   194
       Dazzling Flash    |       |       |     2 |       ||     2
       Fulminant Prism   |       |       |       |    87 ||    87
Evoke: Wand              |       |       |       |     9 ||     9
  Use: Potion            |       |     5 |     1 |     8 ||    14
       Scroll            |       |       |     7 |    11 ||    18
 Stab: Invisible         |       |     2 |       |       ||     2
Armor: Leather armour    |     4 |     7 |     4 |       ||    15
       Ring mail         |       |       |    16 |    12 ||    28
       Acid dragon scale |       |       |       |    57 ||    57
       Skin              |       |       |       |     1 ||     1
Dodge: Dodged            |     9 |    27 |    33 |   126 ||   195
Block: Buckler           |       |       |     4 |    93 ||    97
